 Dungeon Crawl Stone Soup version 0.26-a0-597-gb535b0901c (webtiles) character file.

Game seed: 15544330342745569345

72 Alarkh the Ruffian (level 4, 31/35 HPs)
             Began as a Demonspawn Gladiator on Sept 14, 2020.
             Got out of the dungeon alive.
             The game lasted 00:00:58 (1573 turns).

Alarkh the Ruffian (Demonspawn Gladiator)           Turns: 1573, Time: 00:00:58

Health: 31/35      AC:  6    Str: 15    XL:     4   Next: 6%
Magic:  4/4        EV: 12    Int: 10    God:
Gold:   98         SH:  0    Dex: 14    Spells: 3/3 levels left

rFire    . . .     SeeInvis .     - Unarmed
rCold    . . .     Faith    .   (no shield)
rNeg     . . .     Spirit   .   a - +0 leather armour
rPois    .         Reflect  .   b - +0 helmet
rElec    .         Harm     .   (no cloak)
rCorr    .                      (no gloves)
MR       .....                  (no boots)
Stlth    +.........             (no amulet)
HPRegen  0.11/turn              (no ring)
MPRegen  0.09/turn              (no ring)

@: no status effects
A: rugged brown scales 2
a: no special abilities


You escaped.
You visited 1 branch of the dungeon, and saw 2 of its levels.

You collected 98 gold pieces.

Inventory:

Missiles
 c - 3 throwing nets (quivered)
Armour
 a - a +0 leather armour (worn)
 b - a +0 helmet (worn)
Scrolls
 d - 3 scrolls of blinking {unknown}
 e - a scroll of amnesia {unknown}
 f - 2 scrolls of identify {unknown}
 h - a scroll of teleportation {unknown}
 m - a scroll of remove curse {unknown}
Potions
 g - a potion of invisibility {unknown}
 i - a potion of flight {unknown}
 j - a potion of magic {unknown}
 k - 2 potions of curing {unknown}
 l - 2 potions of heal wounds {unknown}
 n - a potion of might {unknown}


   Skills:
 + Level 2.9 Fighting
 - Level 1.7 Throwing
 - Level 2.6 Dodging
 * Level 4.0 Unarmed Combat


You had 3 spell levels left.
You didn't know any spells.
Your spell library was empty.

Dungeon Overview and Level Annotations

Branches:
Dungeon (2/15)

Altars:


Innate Abilities, Weirdness & Mutations

You are mostly covered in rugged brown scales. (AC +2, +5% HP)


Message History

The ooze is severely wounded.
The ooze hits you but does no damage.
You hit the ooze.
The ooze is severely wounded.
The ooze closely misses you.
You hit the ooze.
You kill the ooze!
You have reached level 4!
You feel stronger.
Your demonic ancestry asserts itself...
Rugged brown scales spread over more of your body.
There is an open door here.
There is a stone staircase leading up here.
You climb upwards.
There is a stone staircase leading down here.
There is a large open door here.
There is a large open door here.
There is a large open door here.
There is a staircase leading out of the dungeon here.
Are you sure you want to leave the Dungeon?
This will make you lose the game!
You have escaped!

#######.##.....#''#.......#
#.# # #.##.#.###..##....#.#
#.# # #....#.###''#######.#
#.# # #..#####......# #.#
#.# # ##...# #.≈≈≈≈.#
#.####.# # ###.###.≈≈≈≈.#
#......# # #..##......#
######## # ##.####''### #
#>####@.# #....####
#######.# #.# #.# #.# #.#
#############
#.###............
#.....###########


There were no monsters in sight!

Vanquished Creatures
  4 adders (D:2)
  An ooze (D:2)
  2 dart slugs (D:1)
  A leopard gecko (D:1)
  2 giant cockroaches
  A hobgoblin (D:1)
  6 ball pythons (D:2)
  3 bats
  2 frilled lizards
  6 goblins
  2 rats
30 creatures vanquished.

Notes
Turn   | Place    | Note
-------+----------+-------------------------------------------
     0 | D:1      | Alarkh the Demonspawn Gladiator began the quest for the
                  | Orb.
     0 | D:1      | Reached XP level 1. HP: 16/16 MP: 1/1
   124 | D:1      | Reached skill level 3 in Unarmed Combat
   142 | D:1      | Gained mutation: You are partially covered in rugged brown
                  | scales. (AC +1, +3% HP) [demonic ancestry]
   142 | D:1      | Reached XP level 2. HP: 14/22 MP: 2/2
   779 | D:2      | Reached XP level 3. HP: 28/28 MP: 3/3
  1418 | D:2      | Reached skill level 4 in Unarmed Combat
  1537 | D:2      | Gained mutation: You are mostly covered in rugged brown
                  | scales. (AC +2, +5% HP) [demonic ancestry]
  1537 | D:2      | Reached XP level 4. HP: 27/35 MP: 4/4
  1573 | D:$      | Got out of the dungeon alive.

Illustrated notes

Levels and vault maps discovered:
D:1:      lightli_arrival_lavapool, layout_loops_ring, minmay_small_reverse_x
D:2:      layout_basic, nicolae_dithmenos_shadow_blocks, minmay_snake_closets

Skill      XL: |  1  2  3 |
---------------+----------+-----
Unarmed Combat | 3 4 |  4.0
Fighting       | |  2.9
Throwing       | |  1.7
Dodging        | |  2.6

Action                   |  1- 3 |  4- 6 || total
-------------------------+-------+-------++-------
Melee: Unarmed           |   122 |       ||   122
       Punch             |     2 |       ||     2
 Stab: Sleeping          |     1 |       ||     1
Armor: Leather armour    |    41 |       ||    41
Dodge: Dodged            |    92 |       ||    92

Table legend: (Time is in decaauts)
 A = Elapsed time spent in this place.
 B = Non-inter-level travel time spent in this place.
 C = Inter-level travel time spent in this place.
 D = Time resting spent in this place.
 E = Time spent auto-exploring this place.
 F = Levels seen in this place.
 G = Mean time per level.
                   A        B        C        D        E       F      G
               +--------+--------+--------+--------+--------+-----+--------+
         Total |   1565 |   1502 |     63 |    139 |   1153 |   2 |  782.5 |
       Dungeon |   1565 |   1502 |     63 |    139 |   1153 |   2 |  782.5 |
               +--------+--------+--------+--------+--------+-----+--------+

Top non-repeatable levels by time:
     D:2: 837 daAuts
     D:1: 728 daAuts
